 Dungeon Crawl Stone Soup version 0.25.0-10-g039870ee82 (webtiles) character file.

Game seed: 1559152080394209678

6569 Delamore the Severer (level 11, -9/105 HPs)
             Began as a Hill Orc Monk on June 22, 2020.
             Was a High Priest of Okawaru.
             Mangled by a death yak (19 damage)
             ... on level 10 of the Dungeon.
             The game lasted 00:15:10 (12825 turns).

Delamore the Severer (Hill Orc Monk)               Turns: 12825, Time: 00:15:11

Health: -9/105     AC:  8    Str: 18    XL:     11   Next: 1%
Magic:  0/11       EV: 13    Int: 10    God:    Okawaru [*****.]
Gold:   580        SH:  0    Dex: 13    Spells: 10/10 levels left

rFire    + . .     SeeInvis .   J - +1 hand axe (venom)
rCold    . . .     Gourm    .   b - +2 buckler {rPois}
rNeg     . . .     Faith    .   z - +0 scale mail
rPois    +         Spirit   +   (no helmet)
rElec    .         Reflect  .   M - +0 cloak of Xoni {+Fly rF+ MR+}
rCorr    .         Harm     .   (no gloves)
MR       ++...                  j - +0 pair of boots (curse)
Stlth    ..........             L - amulet of guardian spirit
HPRegen  0.27/turn              I - ring of protection from magic
MPRegen  0.12/turn              B - +4 ring of evasion

@: confused, lightly drained
A: no striking features
a: Heroism, Finesse, Renounce Religion, Evoke Flight


You were on level 10 of the Dungeon.
You worshipped Okawaru.
Okawaru was extremely pleased with you.
You were near starving.

You visited 2 branches of the dungeon, and saw 12 of its levels.
You also visited: Sewer.

You collected 580 gold pieces.

Inventory:

Hand Weapons
 t - a +2 whip of flaming
 J - a +1 hand axe of venom (weapon)
 P - a cursed +2 battleaxe
Missiles
 l - 5 poisoned darts (quivered)
Armour
 b - a +2 buckler of poison resistance (worn)
 j - a cursed +0 pair of boots (worn)
 z - a +0 scale mail (worn)
 M - the +0 cloak of Xoni (worn) {+Fly rF+ MR+}
   (You found it on level 10 of the Dungeon)

   It protects you from fire.
   It affects your resistance to hostile enchantments.
   It lets you fly.
Jewellery
 e - an uncursed ring of fire
 f - an uncursed ring of stealth
 w - an uncursed ring of flight
 x - an uncursed ring of positive energy
 B - a +4 ring of evasion (right hand)
 I - a ring of protection from magic (left hand)
 L - an amulet of guardian spirit (around neck)
Wands
 q - a wand of disintegration (13)
 C - a wand of digging (5)
 G - a wand of iceblast (11)
 N - a wand of polymorph (9)
 O - a wand of enslavement (8)
Scrolls
 a - a scroll of identify
 d - a scroll of immolation
 g - 9 scrolls of teleportation
 h - a scroll of blinking
 o - 4 scrolls of enchant armour {unknown}
 s - 2 scrolls of magic mapping {unknown}
 u - 2 scrolls of fog
 v - 3 scrolls of remove curse
 D - 2 scrolls of amnesia
 E - a scroll of enchant weapon {unknown}
 F - 3 scrolls of noise {unknown}
Potions
 i - 8 potions of brilliance
 k - 2 potions of haste {unknown}
 n - 2 potions of mutation {unknown}
 p - 2 potions of lignification
 r - 4 potions of might
 A - a potion of magic {unknown}
 H - a potion of invisibility {unknown}
Comestibles
 c - 17 rations


   Skills:
 + Level 12.4(12.2) Fighting
 + Level 16.0(15.8) Axes
 - Level 2.4(2.2) Dodging
 - Level 1.5(1.4) Stealth


You had 10 spell levels left.
You didn't know any spells.
Your spell library was empty.

Dungeon Overview and Level Annotations

Branches:
Dungeon (11/15)            Temple (1/1) D:6           Sewer (visited)
   Lair: D:8-11         Orc: D:9-12

Altars:
Dithmenos
Fedhas
Hepliaklqana
Kikubaaqudgha
Makhleb
Nemelex Xobeh
Okawaru
Qazlal
Sif Muna
Trog
Uskayaw
Xom
Zin

Shops:
D:4 }


Message History

The death yak is almost dead.
The death yak completely misses you.
You hit the death yak but do no damage.
The death yak is almost dead.
The death yak closely misses you.
You hit the death yak.
The death yak looks as sick as possible!
The death yak is almost dead.
You hit the death yak.
The death yak is almost dead.
The death yak gores you!!
* * * LOW HITPOINT WARNING * * *
You hit the death yak.
The death yak looks as sick as possible!
The death yak is almost dead.
The death yak gores you!!
* * * LOW HITPOINT WARNING * * *
You are confused.
You feel invigorated. The death yak gores you!!
You die...

#....# #.#.............#
####.# ###.#...._......###
..##.###...#.......##'##
#.##...#.###..........#####
#.####.#.# #<#...#........#
#.# #.#.###(##..#........#
..# #.#.....##.H#........#
### #.#########Y#.[......#
#.# #####@.........# #.#
#.....#.######## # #.#
#.#..##.############# # #.#
#.#.................# #
#.#####.#....#.##########.##
#
#.#......#.#.#..............
#
#.#.##.....#.############.##
# #.#....#####.# #.# #
#.#..### #.# #.##


You could see a death yak (extremely poisoned) and a hippogriff (very poisoned).

Vanquished Creatures
  The ghost of Tali the Cleaver, a novice DsBe of Trog (D:6)
  Pikel (D:8)
  Maurice (D:8)
  A gargoyle (D:10)
  A queen bee (D:6)
  A hornet (D:6)
  A troll (D:10)
  3 hippogriffs
  2 wyverns
  A water moccasin (D:7)
  An orc warrior (D:6)
  5 ice beasts
  2 sky beasts
  A phantom (D:9)
  A slave (D:8)
  2 ogres
  3 centaurs
  Blork the orc (D:4)
  3 big kobolds (Sewer)
  7 bullfrogs
  2 scorpions
  4 killer bees (D:6)
  4 wights (D:10)
  6 crimson imps
  3 hounds
  3 jellies
  2 orc priests (D:4)
  3 bullfrog skeletons
  2 iguanas
  5 orc wizards
  A worker ant (D:6)
  A killer bee zombie (D:7)
  A worker ant zombie (D:6)
  4 adders
  A howler monkey skeleton (D:7)
  A river rat (Sewer)
  2 shadow imps (D:7)
  4 oozes
  An adder zombie (D:5)
  4 worms
  A dart slug (D:1)
  5 leopard geckos
  30 orcs
  4 ball pythons
  7 giant cockroaches
  6 goblins
  5 hobgoblins
  16 jackals
  A quokka (D:8)
  5 bats
  5 frilled lizards
  9 kobolds
  A leopard gecko zombie (D:7)
  A quokka skeleton (D:5)
  15 rats
204 creatures vanquished.

Vanquished Creatures (others)
  3 slaves (D:8)
  A centaur (D:8)
  A necrophage (D:8)
  A quasit (D:8)
  A hound (D:8)
  A giant cockroach (D:8)
  A quokka zombie (D:8)
9 creatures vanquished.

Grand Total: 213 creatures vanquished

Notes
Turn   | Place    | Note
-------+----------+-------------------------------------------
     0 | D:1      | Delamore the Hill Orc Monk began the quest for the Orb.
     0 | D:1      | Reached XP level 1. HP: 19/19 MP: 1/1
   313 | D:1      | Reached XP level 2. HP: 26/26 MP: 2/2
   462 | D:1      | Reached skill level 5 in Axes
   892 | D:2      | Reached XP level 3. HP: 26/31 MP: 3/3
   908 | D:2      | Found a shimmering altar of Xom.
   910 | D:2      | Noticed an angel
   913 | D:2      | Found a glowing silver altar of Zin.
  1634 | D:2      | Reached skill level 6 in Axes
  2025 | D:3      | Reached XP level 4. HP: 21/39 MP: 4/4
  2504 | D:3      | Reached skill level 7 in Axes
  2665 | D:3      | Found a shadowy altar of Dithmenos.
  2695 | D:3      | Reached XP level 5. HP: 34/45 MP: 5/5
  3092 | D:4      | Found a burning altar of Makhleb.
  3326 | D:4      | Noticed Blork the orc
  3348 | D:4      | Reached skill level 8 in Axes
  3743 | D:4      | Reached XP level 6. HP: 36/51 MP: 6/6
  3751 | D:4      | Reached skill level 9 in Axes
  3851 | D:4      | Noticed an ice beast
  3872 | D:4      | Killed an ice beast
  4072 | D:4      | Found a shimmering blue altar of Sif Muna.
  4100 | D:4      | Found a hide-covered altar of Uskayaw.
  4259 | D:5      | Entered Level 5 of the Dungeon
  4531 | D:4      | Killed Blork the orc
  4531 | D:4      | Reached skill level 10 in Axes
  4531 | D:4      | Reached XP level 7. HP: 36/57 MP: 7/7
  4677 | D:4      | Found Vetaytoe's Gadget Boutique.
  4948 | D:5      | Found a sparkling altar of Nemelex Xobeh.
  5409 | D:5      | Reached skill level 11 in Axes
  5748 | D:6      | Noticed a hornet
  5748 | D:6      | Noticed a queen bee
  5749 | D:6      | Found an iron altar of Okawaru.
  5749 | D:6      | Found a hazy altar of Hepliaklqana.
  5749 | D:6      | Found a stormy altar of Qazlal.
  5789 | D:6      | HP: 4/90 [orc warrior/+0 short sword (5)]
  5814 | D:6      | Reached skill level 5 in Fighting
  5814 | D:6      | Reached XP level 8. HP: 36/68 MP: 8/8
  5850 | D:6      | Became a worshipper of Warmaster Okawaru
  5850 | D:6      | Reached * piety under Okawaru
  5850 | D:6      | Reached ** piety under Okawaru
  6010 | D:6      | Found a glowing drain.
  6028 | Sewer    | Entered a sewer
  6566 | D:6      | Found a staircase to the Ecumenical Temple.
  6700 | D:6      | Reached skill level 12 in Axes
  6797 | D:6      | Found a transporter.
  6808 | Temple   | Entered the Ecumenical Temple
  6971 | D:6      | Noticed Tali's ghost (novice DsBe)
  7021 | D:6      | Found a transporter.
  7564 | D:6      | Killed a queen bee
  7568 | D:6      | Reached XP level 9. HP: 61/80 MP: 6/9
  7600 | D:6      | Killed Tali's ghost
  7600 | D:6      | Reached *** piety under Okawaru
  7600 | D:6      | Reached skill level 13 in Axes
  7609 | D:6      | Killed a hornet
  7939 | D:6      | Reached **** piety under Okawaru
  8178 | D:7      | Reached skill level 14 in Axes
  8434 | D:7      | Reached skill level 10 in Fighting
  8840 | D:7      | Reached XP level 10. HP: 72/94 MP: 10/10
  9125 | D:8      | Noticed Pikel
  9173 | D:8      | Killed Pikel
  9665 | D:8      | Noticed Maurice
  9679 | D:8      | Killed Maurice
  9679 | D:8      | Reached ***** piety under Okawaru
  9700 | D:8      | Reached skill level 15 in Axes
 10024 | D:8      | Noticed a two-headed ogre
 10408 | D:9      | Received a gift from Okawaru
 11117 | D:9      | Noticed a moth of wrath
 11120 | D:9      | Found a bloodstained altar of Trog.
 11177 | D:9      | Found a blossoming altar of Fedhas.
 11177 | D:9      | Found an ancient bone altar of Kikubaaqudgha.
 11261 | D:10     | Entered Level 10 of the Dungeon
 11366 | D:10     | Found a shimmering altar of Xom.
 11971 | D:10     | Noticed a gargoyle
 12000 | D:10     | Killed a gargoyle
 12000 | D:10     | Reached skill level 16 in Axes
 12000 | D:10     | Reached XP level 11. HP: 49/105 MP: 3/11
 12167 | D:10     | Got a fading cloak
 12178 | D:10     | Identified the +0 cloak of Xoni {+Fly rF+ MR+} (You found
                  | it on level 10 of the Dungeon)
 12401 | D:11     | Noticed an eight-headed hydra
 12431 | D:11     | Noticed a death yak
 12431 | D:11     | Noticed a death yak
 12431 | D:11     | Noticed a four-headed hydra
 12803 | D:11     | Noticed a death yak
 12825 | D:10     | Mangled by a death yak

Illustrated notes

Levels and vault maps discovered:
D:1:      dpeg_arrival_connections, layout_loops_ring
D:2:      layout_loops_corners, grunt_temple_overflow_order_and_chaos_1,
          kennysheep_generic_room_10
D:3:      layout_basic, first_ration, grunt_dithmenos_smoke_and_mirrors
D:4:      layout_rooms, lemuel_crystal_altar, nicolae_overflow_crystal_walls,
          led_sif_pool, serial_shops, shop, minmay_misc_feat_room,
          uniq_blork_the_orc
D:5:      layout_loops_ring, nemelex_xobeh_ov_fountains_minmay
D:6:      layout_gridville, gammafunk_temple_overflow_forgotten,
          minmay_temple_entry_waves, gammafunk_ghost_hive,
          gup_sewer_entry_spiral
D:7:      layout_rooms, serial_corexii_hall, corexii_hall_statues_t,
          corexii_hall_statues_i, chequers_hall_statues_y
D:8:      layout_gridville, serial_shops, shop, uniq_maurice, uniq_pikel
D:9:      layout_basic, grunt_temple_overflow_growth_and_decay, tgw_trog,
          serial_corexii_hall, corexii_hall_statues_x, corexii_hall_statues_l
D:10:     layout_basic, basic_altar
D:11:     layout_irregular_city, dpeg_lair_monsters, orc_0_dummy, serial_shops,
          shop_coins, minivault_5, grunt_tengu_nest, minivault_15,
          grunt_decor_mini_mirrors
Temple:   nicolae_temple_figure_zero

Skill      XL: |  1  2  3  4  5  6  7  8  9 10 |
---------------+-------------------------------+-----
Axes           | 5 6 7 8 10 11 12 14 16 | 16.0
Fighting       | 5 7 10 12 | 12.4
Dodging        | |  2.4
Stealth        | |  1.5

Action                   |  1- 3 |  4- 6 |  7- 9 | 10-12 || total
-------------------------+-------+-------+-------+-------++-------
Melee: Hand axe          |   118 |   182 |   644 |   357 ||  1301
Throw: Dart              |       |     1 |     4 |    13 ||    18
Invok: Heroism           |       |       |     1 |     1 ||     2
       Finesse           |       |       |       |     1 ||     1
Evoke: Wand              |       |       |       |     2 ||     2
  Use: Scroll            |       |       |     8 |     1 ||     9
       Potion            |       |       |     7 |     1 ||     8
 Stab: Sleeping          |     5 |     6 |     5 |       ||    16
       Distracted        |     1 |       |       |       ||     1
  Eat: Chunk             |     3 |     5 |    11 |    11 ||    30
       Ration            |       |     1 |     1 |       ||     2
Armor: Ring mail         |    45 |    70 |       |       ||   115
       Robe              |     2 |       |       |       ||     2
       Scale mail        |       |       |   124 |    62 ||   186
       Skin              |       |       |     8 |       ||     8
Dodge: Dodged            |    69 |    94 |   213 |   124 ||   500
Block: Buckler           |       |       |   106 |    54 ||   160
